AoeStats
← Iguano Pop

Arabia

506588832Analyzed
1v1 RM · 18d ago on Sep 14, 2026· 25m 40s· 2 players
Game mode
Random Map
Map size
Tiny (2 player)
Population
200
Speed
Normal
Resources
Standard
Victory
Conquest
Starting age
Dark Age
Ending age
Imperial Age
RankedLock teamsTeams togetherTeam positionsShared explorationLock speedFull tech treeHidden civsTurbo modeCheats
Victory
Defeat
🇲🇽 Dravidians · Mexico
1287
+14
🇳🇱 Armenians · Netherlands
1250
-14
Iguano Pop
7:12 Loom
9:38 Feudal Age
10:21 Double-Bit Axe
13:18 Fletching
15:39 Town Watch
23:13 Castle Age
22:52 Gold Mining
23:17 Crossbowman
24:08 Bodkin Arrow
Sweetninja
6:00 Loom
9:17 Feudal Age
9:57 Man-at-Arms
11:31 Long Swordsman
19:55 Fletching
22:45 Double-Bit Axe
24:48 Wheelbarrow
24:01 Horse Collar
25:46 Padded Archer Armor
Connection lost

Rejoining the realm…

Still unreachable

The connection could not be restored.

Session expired

The server has moved on; the page needs a fresh start.